 Dungeon Crawl Stone Soup version 0.26-a0-778-g3fe0686644 (webtiles) character file.

Game seed: 3943726376843060433

389 robertstho the Chiller (level 6, -3/44 HPs)
             Began as a Gnoll Ice Elementalist on Nov 10, 2020.
             Slain by Grinder (4 damage)
             ... while paralysed by Grinder
             ... on level 4 of the Dungeon.
             The game lasted 00:08:02 (3977 turns).

robertstho the Chiller (Gnoll Ice Elementalist)     Turns: 3977, Time: 00:08:03

Health: -3/44      AC:  2    Str:  8 (10) XL:     6   Next: 79%
Magic:  4/14       EV:  2    Int: 18 (19) God:
Gold:   86         SH:  0    Dex: 20 (22) Spells: 0/15 levels left

rFire    . . .     SeeInvis .   r - +2 hand axe (flame)
rCold    . . .     Faith    .   (no shield)
rNeg     . . .     Spirit   .   a - +0 robe
rPois    .         Reflect  .   (no helmet)
rElec    .         Harm     .   (no cloak)
rCorr    .         Rampage  .   (no gloves)
MR       .....                  (no boots)
Stlth    +++.......             (no amulet)
HPRegen  0.14/turn              b - +6 ring of dexterity
MPRegen  0.14/turn              (no ring)

@: paralysed, frozen ramparts, very slightly contaminated
A: distributed training, fangs 1, strong nose
a: no special abilities


You were on level 4 of the Dungeon.
You visited 1 branch of the dungeon, and saw 4 of its levels.

You collected 86 gold pieces.

Inventory:

Hand Weapons
 k - a +0 short sword
 r - a +2 hand axe of flaming (weapon)
Missiles
 u - 2 poisoned darts (quivered)
Armour
 a - a +0 robe (worn)
 v - a +0 helmet
Jewellery
 b - a +6 ring of dexterity (left hand)
 h - an uncursed ring of positive energy {unknown}
Scrolls
 c - 3 scrolls of teleportation
 d - 7 scrolls of identify {unknown}
 i - 3 scrolls of remove curse {unknown}
 j - a scroll of random uselessness {unknown}
 m - 2 scrolls of amnesia {unknown}
 o - a scroll of blinking {unknown}
 s - a scroll of enchant weapon {unknown}
 w - a scroll of fear {unknown}
Potions
 e - a potion of magic {unknown}
 f - a potion of curing {unknown}
 g - a potion of degeneration
 l - a potion of mutation {unknown}
 n - a potion of lignification {unknown}
 p - a potion of attraction {unknown}
 q - a potion of cancellation {unknown}
 t - a potion of might {unknown}


   Skills:
 + Level 2.1 Fighting
 + Level 2.1 Short Blades
 + Level 2.1 Long Blades
 + Level 2.1 Axes
 + Level 2.1 Maces & Flails
 + Level 2.1 Polearms
 + Level 2.1 Staves
 + Level 2.1 Slings
 + Level 2.1 Bows
 + Level 2.1 Crossbows
 + Level 2.1 Throwing
 + Level 2.1 Armour
 + Level 5.0 Dodging
 + Level 4.7 Stealth
 + Level 2.1 Shields
 + Level 2.1 Unarmed Combat
 + Level 5.4 Spellcasting
 + Level 1.6 Conjurations
 + Level 1.6 Hexes
 + Level 1.6 Summonings
 + Level 1.6 Necromancy
 + Level 1.6 Translocations
 + Level 1.6 Transmutations
 + Level 1.6 Fire Magic
 + Level 7.3 Ice Magic
 + Level 1.6 Air Magic
 + Level 1.6 Earth Magic
 + Level 1.6 Poison Magic
 + Level 2.3 Invocations
 + Level 2.1 Evocations


You couldn't memorise any spells.
You knew the following spells:

 Your Spells              Type           Power        Failure   Level
a - Freeze                Ice            ####         1%          1
b - Frozen Ramparts       Ice            ####..       1%          3
c - Ozocubu's Armour      Ice            ####....     1%          3
d - Hailstorm             Conj/Ice       ###.....     21%         4
e - Summon Ice Beast      Ice/Summ       ###.....     21%         4

Your spell library contained the following spells:

 Spells                   Type           Power        Failure   Level


Dungeon Overview and Level Annotations

Branches:
Dungeon (4/15)
 Temple: D:4-7

Altars:
Kikubaaqudgha

Annotations:
D:4 Grinder


Innate Abilities, Weirdness & Mutations

Your experience applies equally to all skills.
You have very sharp teeth.
Your uncanny sense of smell can sniff out nearby items.


Message History

You writhe in agony.
* * * LOW HITPOINT WARNING * * *
Unknown command.
The wall freezes the worker ant.
Grinder completely resists.
The wall freezes Grinder but do no damage.
Your ice beast hits Grinder.
Your ice beast freezes Grinder.
Grinder resists.
The wall freezes the worker ant.
Grinder completely resists.
The wall freezes Grinder but do no damage.
Grinder says, "DUCK!"
Grinder gestures at you.
You suddenly lose the ability to move!
Your ice beast hits Grinder.
Your ice beast freezes Grinder.
Grinder resists.
The wall freezes the worker ant.
Grinder completely resists.
The wall freezes Grinder but do no damage.
The wall freezes the worker ant.
Your ice beast barely misses Grinder.
Grinder resists.
The wall freezes Grinder.
Grinder hits you.
* * * LOW HITPOINT WARNING * * *
You writhe in agony.
You die...

∆∆ ∆∆ #.##.#### #.'.....#
#.###.#.# #.'...#.#
#.##..#.# ####..#.#
#..#.###### #.#.#
#.<.......#
#.#.#...###<.#@####.#
#...#.#.......5####.#.
........###..YB.......
.............#.####.#.
.....#.###..#.####.#.#.#
...#..#.............#.#.#
..........#.............#
#..#..#.................#
.#..##..#...#.........#


You could see Grinder, a worker ant and a friendly ice beast (summoned).

Vanquished Creatures
  A scorpion (D:4)
  A howler monkey (D:4)
  An orc wizard (D:4)
  An iguana (D:4)
  2 worker ants (D:4)
  A hound skeleton (D:4)
  8 gnolls
  3 adders
  2 worms (D:2)
  2 dart slugs (D:3)
  3 leopard geckos
  2 orcs (D:4)
  7 bats
  2 giant cockroaches (D:2)
  4 goblins
  7 hobgoblins
  8 jackals
  9 kobolds
  A quokka (D:3)
  3 ball pythons (D:2)
  A frilled lizard (D:2)
  7 rats
76 creatures vanquished.

Notes
Turn   | Place    | Note
-------+----------+-------------------------------------------
     0 | D:1      | robertstho the Gnoll Ice Elementalist began the quest for
                  | the Orb.
     0 | D:1      | Reached XP level 1. HP: 13/13 MP: 6/6
   485 | D:1      | Reached XP level 2. HP: 19/19 MP: 7/7
   967 | D:2      | Reached XP level 3. HP: 25/25 MP: 3/9
   985 | D:2      | Reached skill level 5 in Spellcasting
  1117 | D:2      | Reached skill level 1 in Invocations
  1133 | D:2      | Found an ancient bone altar of Kikubaaqudgha.
  1182 | D:2      | Found a faded altar of an unknown god.
  1482 | D:2      | Reached skill level 1 in Fighting
  1482 | D:2      | Reached skill level 1 in Short Blades
  1482 | D:2      | Reached skill level 1 in Long Blades
  1482 | D:2      | Reached skill level 1 in Axes
  1482 | D:2      | Reached skill level 1 in Maces & Flails
  1482 | D:2      | Reached skill level 1 in Polearms
  1482 | D:2      | Reached skill level 1 in Staves
  1482 | D:2      | Reached skill level 1 in Slings
  1482 | D:2      | Reached skill level 1 in Bows
  1482 | D:2      | Reached skill level 1 in Crossbows
  1482 | D:2      | Reached skill level 1 in Throwing
  1482 | D:2      | Reached skill level 1 in Armour
  1482 | D:2      | Reached skill level 1 in Shields
  1482 | D:2      | Reached skill level 1 in Unarmed Combat
  1482 | D:2      | Reached skill level 1 in Evocations
  1571 | D:2      | Reached XP level 4. HP: 32/32 MP: 11/11
  2157 | D:4      | Learned a level 3 spell: Frozen Ramparts
  2161 | D:4      | Learned a level 3 spell: Ozocubu's Armour
  2166 | D:4      | Learned a level 4 spell: Hailstorm
  2416 | D:3      | Reached skill level 1 in Conjurations
  2416 | D:3      | Reached skill level 1 in Hexes
  2416 | D:3      | Reached skill level 1 in Summonings
  2416 | D:3      | Reached skill level 1 in Necromancy
  2416 | D:3      | Reached skill level 1 in Translocations
  2416 | D:3      | Reached skill level 1 in Transmutations
  2416 | D:3      | Reached skill level 1 in Fire Magic
  2416 | D:3      | Reached skill level 1 in Air Magic
  2416 | D:3      | Reached skill level 1 in Earth Magic
  2416 | D:3      | Reached skill level 1 in Poison Magic
  2536 | D:3      | Reached XP level 5. HP: 26/37 MP: 7/12
  3139 | D:4      | Noticed Grinder
  3449 | D:4      | Reached XP level 6. HP: 41/44 MP: 13/13
  3462 | D:4      | Reached skill level 5 in Dodging
  3965 | D:4      | Learned a level 4 spell: Summon Ice Beast
  3965 | D:4      | Paralysed by Grinder for 7 turns
  3975 | D:4      | Paralysed by Grinder for 6 turns
  3977 | D:4      | HP: 1/44 [Grinder (6)]
  3977 | D:4      | Slain by Grinder

Illustrated notes

Levels and vault maps discovered:
D:1:      dpeg_arrival_rooms_c, layout_basic
D:2:      minmay_angry_zag, layout_basic, kiku_gazebo_pond_becter,
          chequers_ecumenical_altar_simple, minmay_box_of_dots
D:3:      layout_basic
D:4:      layout_basic, uniq_crazy_yiuf_cottage, uniq_grinder

Skill      XL: |  1  2  3  4  5  6 |
---------------+-------------------+-----
Spellcasting   | 5 |  5.4
Invocations    | 1 2 |  2.3
Fighting       | 1 2 |  2.1
Short Blades   | 1 2 |  2.1
Long Blades    | 1 2 |  2.1
Axes           | 1 2 |  2.1
Maces & Flails | 1 2 |  2.1
Polearms       | 1 2 |  2.1
Staves         | 1 2 |  2.1
Slings         | 1 2 |  2.1
Bows           | 1 2 |  2.1
Crossbows      | 1 2 |  2.1
Throwing       | 1 2 |  2.1
Armour         | 1 2 |  2.1
Shields        | 1 2 |  2.1
Unarmed Combat | 1 2 |  2.1
Evocations     | 1 2 |  2.1
Conjurations   | 1 |  1.6
Hexes          | 1 |  1.6
Summonings     | 1 |  1.6
Necromancy     | 1 |  1.6
Translocations | 1 |  1.6
Transmutations | 1 |  1.6
Fire Magic     | 1 |  1.6
Air Magic      | 1 |  1.6
Earth Magic    | 1 |  1.6
Poison Magic   | 1 |  1.6
Dodging        | 5 |  5.0
Stealth        | |  4.7
Ice Magic      | |  7.3

Action                   |  1- 3 |  4- 6 || total
-------------------------+-------+-------++-------
Melee: Unarmed           |    22 |       ||    22
       Bite              |     6 |     6 ||    12
       Short sword       |    15 |       ||    15
       Hand axe          |     6 |    68 ||    74
       Punch             |       |     1 ||     1
 Cast: Freeze            |    37 |     6 ||    43
       Frozen Ramparts   |       |    12 ||    12
       Summon Ice Beast  |       |     1 ||     1
  Use: Scroll            |       |     1 ||     1
       Potion            |       |     1 ||     1
 Stab: Sleeping          |     5 |     1 ||     6
       Distracted        |       |     2 ||     2
Armor: Robe              |    14 |     4 ||    18
Dodge: Dodged            |    65 |    66 ||   131

Table legend: (Time is in decaauts)
 A = Elapsed time spent in this place.
 B = Non-inter-level travel time spent in this place.
 C = Inter-level travel time spent in this place.
 D = Time resting spent in this place.
 E = Time spent auto-exploring this place.
 F = Levels seen in this place.
 G = Mean time per level.
                   A        B        C        D        E       F      G
               +--------+--------+--------+--------+--------+-----+--------+
         Total |   3993 |   3952 |     41 |     26 |   3301 |   4 |  998.2 |
       Dungeon |   3993 |   3952 |     41 |     26 |   3301 |   4 |  998.2 |
               +--------+--------+--------+--------+--------+-----+--------+

Top non-repeatable levels by time:
     D:3: 1285 daAuts
     D:2: 1005 daAuts
     D:4: 949 daAuts
     D:1: 753 daAuts
